 Dungeon Crawl Stone Soup version 0.23.0-2-g0fe3ce5 (webtiles) character file.

Game seed: 7579227277022890765

154 Ijustatesigmund the Chopper (level 5, -2/47 HPs)
             Began as a Hill Orc Fighter on Feb 19, 2019.
             Slain by an ogre
             ... wielding a +0 giant club
              (15 damage)
             ... on level 4 of the Dungeon.
             The game lasted 00:04:06 (2257 turns).

Ijustatesigmund the Chopper (Hill Orc Fighter)      Turns: 2257, Time: 00:04:07

Health: -2/47      AC: 12    Str: 24    XL:     5   Next: 35%
Magic:  0/5        EV:  4    Int: 10    God:
Gold:   111        SH:  9    Dex: 11    Spells: 4/4 levels left

rFire    . . .     SeeInvis .   a - +0 war axe
rCold    . . .     Gourm    .   c - +0 shield
rNeg     . . .     Faith    .   b - +1 plate armour
rPois    .         Spirit   +   (no helmet)
rElec    .         Reflect  .   (no cloak)
rCorr    .         Harm     .   (no gloves)
MR       .....                  (no boots)
Stlth    ..........             l - amulet of guardian spirit
HPRegen  0.15/turn              m - +2 ring of intelligence
MPRegen  0.09/turn              (no ring)

@: mighty
A: no striking features
a: no special abilities


You were on level 4 of the Dungeon.
You were not hungry.

You visited 1 branch of the dungeon, and saw 4 of its levels.

You collected 111 gold pieces.

Inventory:

Hand Weapons
 a - a +0 war axe (weapon)
Armour
 b - a +1 plate armour (worn)
 c - a +0 shield (worn)
Jewellery
 l - an amulet of guardian spirit (around neck)
 m - a +2 ring of intelligence (left hand)
 q - a cursed ring of wizardry {unknown}
Scrolls
 e - 3 scrolls of remove curse
 k - 3 scrolls of teleportation
Potions
 d - a potion of might
 g - a potion of invisibility
 h - 2 potions of mutation {unknown}
 i - 2 potions of degeneration {unknown}
 j - a potion of curing {unknown}
 n - 2 potions of agility {unknown}
 o - a potion of resistance {unknown}
Comestibles
 f - 6 rations
 p - 2 chunks of flesh


   Skills:
 + Level 4.6 Fighting
 * Level 5.4 Axes
 + Level 4.2 Armour
 - Level 3.2 Shields


You had 4 spell levels left.
You didn't know any spells.
Your spell library was empty.

Dungeon Overview and Level Annotations

Branches:
Dungeon (4/15)
 Temple: D:4-7

Altars:
Dithmenos
Elyvilon
Makhleb


Message History

You slash the ogre!
The ogre is moderately wounded.
The ogre hits you with a +0 giant club!
Your plate armour prevents you from hitting the ogre.
The ogre is moderately wounded.
You block the ogre's attack.
You slash the ogre!
The ogre is severely wounded.
You block the ogre's attack.
Your shield and plate armour prevent you from hitting the ogre.
The ogre is severely wounded.
The ogre hits you with a +0 giant club!
* * * LOW HITPOINT WARNING * * *
You are too injured to fight recklessly!
You are too injured to fight recklessly!
You are too injured to fight recklessly!
You are too injured to fight recklessly!
You feel very mighty all of a sudden. The ogre hits you with a +0 giant club!
You die...

#.. ..# #.#####.#
#.##.##.###########
#.#.#.#............
#..###.....######## #.##
##..#.########.#
##.#..###..##...........
.......#.#.#####.##....
##.#.##.##.# #@# .
#.#.##.##.# #O# .
#.##.##.# #.# ##
#.......# #.# ####.####
###.# # #.# ...##.#
#######.##..# #.#
...........# ...
........##..#


You could see an ogre.

Vanquished Creatures
  A hound (D:4)
  4 adders
  2 worms (D:3)
  A dart slug (D:1)
  4 orcs (D:3)
  5 bats (D:3)
  2 giant cockroaches
  10 goblins
  5 hobgoblins
  9 jackals (D:3)
  A quokka (D:3)
  6 frilled lizards (D:1)
  11 kobolds
  A quokka skeleton (D:4)
  13 rats
75 creatures vanquished.

Notes
Turn   | Place    | Note
-------+----------+-------------------------------------------
     0 | D:1      | Ijustatesigmund the Hill Orc Fighter began the quest for
                  | the Orb.
     0 | D:1      | Reached XP level 1. HP: 19/19 MP: 1/1
    73 | D:1      | Reached skill level 3 in Axes
    77 | D:1      | Reached XP level 2. HP: 26/27 MP: 2/2
   656 | D:2      | Found a burning altar of Makhleb.
   657 | D:2      | Found a white marble altar of Elyvilon.
   704 | D:2      | Reached XP level 3. HP: 31/33 MP: 3/3
   708 | D:2      | Found a shadowy altar of Dithmenos.
   793 | D:2      | Reached skill level 4 in Axes
  1045 | D:3      | Reached XP level 4. HP: 40/40 MP: 4/4
  1567 | D:3      | Reached skill level 5 in Axes
  1959 | D:3      | Reached XP level 5. HP: 47/47 MP: 5/5
  2249 | D:4      | Noticed an ogre
  2257 | D:4      | Slain by an ogre

Skill      XL: |  1  2  3  4 |
---------------+-------------+-----
Axes           | 3 4 5 |  5.4
Fighting       | 4 |  4.6
Armour         | 4 |  4.2
Shields        | |  3.2

Action                   |  1- 3 |  4- 6 || total
-------------------------+-------+-------++-------
Melee: War axe           |    94 |   175 ||   269
  Use: Scroll            |     6 |     3 ||     9
       Potion            |       |     1 ||     1
  Eat: Chunk             |       |     5 ||     5
Armor: Plate armour      |    76 |   148 ||   224
Dodge: Dodged            |    11 |    22 ||    33
Block: Shield            |    63 |    94 ||   157
